[Event "Titled Tuesday Blitz June 6 Late 2023"]
[White "Krzywda, Andrzej"]
[Black "Jaskolka, Tomasz"]
[WhiteFideId "1114565"]
[BlackFideId "1170791"]
[WhiteElo "2138"]
[BlackElo "2155"]
[Result "0-1"]
[Round "2"]
[TimeControl "180+2"]
[Date "2023.06.07"]
[WhiteClock "0:00:10"]
[BlackClock "0:00:38"]
[Board "139"]

1. e4 d5 2. d3 e5 3. Nd2 Nf6 4. Ngf3 Nc6 5. c3 a5 6. Be2 Bc5 7. O-O O-O 8. b3 h6 9. a3 Be6 10. Bb2 Qd7 11. b4 Bd6 12. exd5 Nxd5 13. c4 Nf4 14. b5 Nd4 15. Nxd4 exd4 16. Ne4 Rfe8 17. Bf3 Rab8 18. Qd2 Be5 19. Nc5 Qe7 20. Nxb7 Qg5 21. Bc1 Bh3 22. g3 Bxf1 23. Kxf1 Ne6 24. Qxg5 hxg5 25. Nxa5 Nc5 26. Be2 Ra8 27. Nc6 Nb3 28. Rb1 Nxc1 29. Rxc1 Rxa3 30. c5 Rb3 31. b6 cxb6 32. Nxe5 Rxe5 33. c6 Rc3 34. Rxc3 dxc3 35. d4 c2 36. dxe5 c1=Q+ 37. Kg2 Qxc6+ 0-1


[Site "https://www.chess.com"]

[Event "Titled Tuesday Blitz June 6 Late 2023"]
[White "Fieberg, Samuel"]
[Black "Hollan, Petr"]
[WhiteFideId "12901717"]
[BlackFideId "360945"]
[WhiteElo "2505"]
[BlackElo "2254"]
[Result "1-0"]
[Round "2"]
[TimeControl "180+2"]
[Date "2023.06.07"]
[WhiteClock "0:00:33"]
[BlackClock "0:01:27"]
[Board "140"]

1. e4 e5 2. Nf3 Nc6 3. d4 exd4 4. Nxd4 Nf6 5. Nxc6 bxc6 6. Nd2 d5 7. exd5 cxd5 8. Bb5+ Bd7 9. Bxd7+ Qxd7 10. O-O Be7 11. b3 O-O 12. Bb2 Rfe8 13. Qf3 Rad8 14. Rad1 c6 15. c4 Qg4 16. Qxg4 Nxg4 17. cxd5 cxd5 18. Bd4 a5 19. Nf3 Rd7 20. Rc1 Ra8 21. Rc6 a4 22. Rfc1 h6 23. h3 Nf6 24. Ne5 Rdd8 25. Rb6 axb3 26. Nc6 Rd7 27. Nxe7+ Rxe7 28. Bxf6 gxf6 29. axb3 Kg7 30. Rd1 Rd8 31. Rb5 d4 32. Rd3 Re5 33. Rb4 Re1+ 34. Kh2 Rb1 35. g3 Rd5 36. Kg2 h5 37. h4 Kg6 38. Kf3 Rb2 39. Ke4 Re5+ 40. Kxd4 Rxf2 41. Rb8 Rff5 42. Kc4 Rc5+ 43. Kb4 Rc1 44. Rb5 Rf2 45. Ka5 Ra2+ 46. Kb6 Rf2 47. b4 Rfc2 48. Rc5 f5 49. Rxc2 Rxc2 50. b5 f4 51. gxf4 Kf5 52. Rd5+ Kxf4 53. Rxh5 Kg4 54. Rh8 f5 55. h5 Kg5 56. h6 Kg6 57. Kb7 f4 58. b6 f3 59. h7 Kg7 60. Rf8 Kxh7 61. Rxf3 Kg7 62. Kb8 Kg8 63. b7 Kg7 64. Rf4 Kg8 65. Ka7 Ra2+ 66. Kb6 Rb2+ 67. Ka6 Ra2+ 68. Kb5 1-0


[Site "https://www.chess.com"]

[Event "Titled Tuesday Blitz June 6 Late 2023"]
[White "Pace, Christopher"]
[Black "Boskovic, Drasko"]
[WhiteFideId "2610167"]
[BlackFideId "927368"]
[WhiteElo "2314"]
[BlackElo "2384"]
[Result "1-0"]
[Round "2"]
[TimeControl "180+2"]
[Date "2023.06.07"]
[WhiteClock "0:00:10"]
[BlackClock "0:02:15"]
[Board "141"]

1. e4 c5 2. Nf3 Nc6 3. d4 cxd4 4. Nxd4 Nf6 5. Nc3 h5 6. Nxc6 bxc6 7. e5 Ng4 8. Qe2 Qc7 9. Bf4 f6 10. O-O-O Nxe5 11. Kb1 d5 12. Re1 g5 13. Bxe5 Qxe5 14. Qxe5 fxe5 15. Rxe5 Bg7 16. Rxg5 Bf6 17. Rg3 h4 18. Rd3 Bf5 19. Rd1 e5 20. f3 Rg8 21. Rg1 O-O-O 22. Bd3 Be6 23. Na4 Kc7 24. Nc5 Bc8 25. g4 Bg5 26. Rge1 Kd6 27. b4 Rgf8 28. Bf1 Rf4 29. Ne4+ Rxe4 30. fxe4 Bxg4 31. Rd3 d4 32. c3 c5 33. bxc5+ Kxc5 34. cxd4+ exd4 35. Kb2 Rb8+ 36. Rb3 Rf8 37. Bd3 Rf2+ 38. Ka3 Be7 39. Rb5+ Kc6+ 40. Ka4 Rxa2+ 41. Kb3 Ra3+ 42. Kc4 Be6+ 43. Kxd4 Ra4+ 44. Ke3 a6 45. Re5 Bc5+ 46. Kf3 Rd4 47. Rxe6+ Kd7 48. Rxa6 Rxd3+ 49. Kg4 h3 50. e5 Bf2 51. e6+ Ke7 52. Re2 Bc5 53. Kf5 Rd5+ 54. Kg4 Rd3 55. Kf5 Rf3+ 56. Kg4 Rb3 57. Rc6 Bd6 58. Rd2 Rb4+ 59. Kxh3 Rb3+ 60. Kg2 Be5 61. Rd7+ Kf6 62. e7+ Kf7 63. Rc8 Rb2+ 64. Kf3 Rb3+ 65. Ke2 1-0


[Site "https://www.chess.com"]

[Event "Titled Tuesday Blitz June 6 Late 2023"]
[White "Filgueira, Hernan"]
[Black "Celestino, Rafael Teixeira"]
[WhiteFideId "101770"]
[BlackFideId "2108925"]
[WhiteElo "2363"]
[BlackElo "2313"]
[Result "1-0"]
[Round "2"]
[TimeControl "180+2"]
[Date "2023.06.07"]
[WhiteClock "0:01:25"]
[BlackClock "0:01:42"]
[Board "142"]

1. c4 e5 2. Nc3 Nc6 3. Nf3 Nf6 4. a3 a5 5. e3 Be7 6. Qc2 O-O 7. Bd3 h6 8. O-O d5 9. cxd5 Nxd5 10. Nxd5 Qxd5 11. b3 Bg4 12. Be4 Qe6 13. h3 Bxh3 14. gxh3 Qxh3 15. Nh2 f5 16. Bg2 Qh5 17. Qd1 Qg6 18. Kh1 Bd6 19. Rg1 Qf6 20. Bb2 Rad8 21. Rc1 Qh4 22. f4 exf4 23. Bd5+ Rf7 24. Rxg7+ Kf8 25. Rxf7+ Ke8 26. Bf6 Qh3 27. Qf3 Qxf3+ 28. Nxf3 Ra8 29. Rh7 fxe3 30. dxe3 Ra6 31. Rg1 Ne5 32. Nxe5 Bf8 33. Bf7# 1-0


[Site "https://www.chess.com"]

[Event "Titled Tuesday Blitz June 6 Late 2023"]
[White "Ward, Ieuan C"]
[Black "Goncalves, Davi Sulzbacher"]
[WhiteFideId "406627"]
[BlackFideId "2154510"]
[WhiteElo "2310"]
[BlackElo "2182"]
[Result "1-0"]
[Round "2"]
[TimeControl "180+2"]
[Date "2023.06.07"]
[WhiteClock "0:00:10"]
[BlackClock "0:00:03"]
[Board "143"]

1. e4 c5 2. Nf3 Nc6 3. d4 cxd4 4. c3 d3 5. Bxd3 g6 6. O-O Bg7 7. c4 d6 8. h3 Nf6 9. Nc3 O-O 10. Re1 Be6 11. Qd2 Rc8 12. b3 a6 13. Bb2 Ne5 14. Nd4 Nh5 15. Be2 Nf6 16. f4 Nc6 17. Nd5 Nxe4 18. Qe3 Bxd5 19. cxd5 Nxd4 20. Bxd4 Nc3 21. Bxg7 Kxg7 22. Bg4 Rc5 23. Qxe7 Nxd5 24. Qxb7 Nxf4 25. Qxa6 Qf6 26. Rad1 Rc2 27. Qxd6 Qxd6 28. Rxd6 Rxg2+ 29. Kh1 Rxa2 30. Rd7 Rf2 31. Kg1 Rb2 32. Re3 h5 33. Bf3 Nxh3+ 34. Kh1 Ng5 35. Bd5 h4 36. Bc4 Rc2 37. Re5 Kh6 38. Rd4 Kh5 39. Be2+ Rxe2 40. Rxe2 f5 41. Rd7 f4 42. Rf2 f3 43. Kh2 Rb8 44. Rd3 Re8 45. b4 Re4 46. Rb3 Rg4 47. b5 Rg3 48. b6 Rh3+ 49. Kg1 Ne4 50. Rb5+ g5 51. b7 1-0


[Site "https://www.chess.com"]

[Event "Titled Tuesday Blitz June 6 Late 2023"]
[White "Cardozo Munar, Carlos Eduardo"]
[Black "Mei, Austin"]
[WhiteFideId "4409477"]
[BlackFideId "30948479"]
[WhiteElo "2067"]
[BlackElo "2125"]
[Result "0-1"]
[Round "2"]
[TimeControl "180+2"]
[Date "2023.06.07"]
[WhiteClock "0:00:03"]
[BlackClock "0:00:14"]
[Board "145"]

1. d4 Nf6 2. Bg5 c5 3. d5 d6 4. Nc3 h6 5. Bd2 e5 6. e4 a6 7. a4 g6 8. Bd3 Bg7 9. Nge2 O-O 10. O-O Ne8 11. f4 exf4 12. Nxf4 Nd7 13. Kh1 Ne5 14. Qe1 Bd7 15. Qg3 Qe7 16. Rae1 Nc7 17. Nd1 b5 18. axb5 axb5 19. c3 Ra2 20. Bb1 Ra1 21. Ne3 Rb8 22. h3 b4 23. cxb4 cxb4 24. Nc2 Ra7 25. Bxb4 Rab7 26. Bc3 Nb5 27. Ne3 Nxc3 28. bxc3 Rb2 29. Nd3 Nxd3 30. Bxd3 Bxc3 31. Ng4 Bxg4 32. Rc1 Bd2 33. Qxg4 Bxc1 34. Rxc1 Qg5 35. Qxg5 hxg5 36. Rc6 R8b6 37. Rc7 Rd2 38. Rc3 Rbb2 39. Bf1 Rd1 40. Rf3 Re2 41. Kh2 Rxe4 42. Bd3 Re5 43. Bc4 Rd4 44. Ba2 Rf4 45. Rg3 f6 46. Rc3 Re7 47. Rc6 Rf2 48. Bc4 Rc2 49. Kg3 Kg7 50. h4 gxh4+ 51. Kxh4 Rxg2 0-1


[Site "https://www.chess.com"]

[Event "Titled Tuesday Blitz June 6 Late 2023"]
[White "Haszon, David"]
[Black "Kostiukov, Alexandr"]
[WhiteFideId "733610"]
[BlackFideId "14108100"]
[WhiteElo "2210"]
[BlackElo "2202"]
[Result "1-0"]
[Round "2"]
[TimeControl "180+2"]
[Date "2023.06.07"]
[WhiteClock "0:01:27"]
[BlackClock "0:00:03"]
[Board "146"]

1. d4 g6 2. e4 Bg7 3. Nc3 d6 4. Bf4 e5 5. dxe5 dxe5 6. Qxd8+ Kxd8 7. O-O-O+ Nd7 8. Bg3 c6 9. f4 exf4 10. Bxf4 Bh6 11. g3 Ke7 12. Nf3 f6 13. a4 Ne5 14. Be2 Bh3 15. Rhe1 Nxf3 16. Bxf3 Be6 17. e5 f5 18. a5 g5 19. Be3 g4 20. Bg2 a6 21. Na4 Bxe3+ 22. Rxe3 Nh6 23. Nc5 Bc8 24. e6 1-0


[Site "https://www.chess.com"]

[Event "Titled Tuesday Blitz June 6 Late 2023"]
[White "Aggelis, Nikolaos"]
[Black "Gonzalez Vega, Alejandro"]
[WhiteFideId "4213220"]
[BlackFideId "3510042"]
[WhiteElo "2189"]
[BlackElo "2296"]
[Result "1-0"]
[Round "2"]
[TimeControl "180+2"]
[Date "2023.06.07"]
[WhiteClock "0:01:17"]
[BlackClock "0:00:02"]
[Board "147"]

1. c4 e5 2. Nc3 Nc6 3. g3 Bc5 4. Bg2 d6 5. e3 a6 6. Nge2 Ba7 7. O-O h5 8. d4 h4 9. Bxc6+ bxc6 10. dxe5 hxg3 11. hxg3 Qg5 12. Kg2 Bh3+ 13. Kg1 Bxf1 14. Qxf1 Qxe5 15. Qg2 Ne7 16. b3 Qf6 17. Bb2 Qh6 18. Ne4 f6 19. Nf4 Kf7 20. Rd1 Rad8 21. g4 Qh4 22. g5 f5 23. g6+ Kg8 24. Ng5 Rh6 25. Nf7 Rf8 26. Nxh6+ Qxh6 27. Ne6 Rc8 28. Nxg7 Qxg6 29. Qxg6 Nxg6 30. Nxf5 Kf7 31. Rxd6 Ne7 32. Rf6+ Ke8 33. Re6 Bc5 34. Nxe7 Bxe7 35. Bf6 Kf7 36. Rxe7+ Kxf6 37. Rh7 Rg8+ 38. Kf1 Rc8 39. Rh6+ Ke5 40. Rxc6 a5 41. Rc5+ Ke4 42. Ke2 1-0


[Site "https://www.chess.com"]

[Event "Titled Tuesday Blitz June 6 Late 2023"]
[White "MunichMouse"]
[Black "Jimenez Almeida, Luis David"]
[BlackFideId "22242244"]
[WhiteElo "2295"]
[BlackElo "2245"]
[Result "0-1"]
[Round "2"]
[TimeControl "180+2"]
[Date "2023.06.07"]
[WhiteClock "0:00:02"]
[BlackClock "0:00:01"]
[Board "148"]

1. d4 g6 2. c4 Bg7 3. g3 f5 4. Bg2 Nf6 5. Nc3 O-O 6. Nf3 d6 7. O-O Nc6 8. d5 Ne5 9. Nxe5 dxe5 10. b3 e4 11. Bb2 e6 12. Ba3 Re8 13. d6 Ng4 14. Rc1 cxd6 15. Bxd6 Bd7 16. h3 Ne5 17. f3 exf3 18. exf3 Bc6 19. f4 Bxg2 20. Kxg2 Nf7 21. Bc5 Qc7 22. Be3 Rad8 23. Qc2 e5 24. Nd5 Qc6 25. Rfd1 h5 26. Qf2 b6 27. Kh2 exf4 28. Bxf4 Kh7 29. Re1 Nd6 30. Bg5 Rxe1 31. Rxe1 Re8 32. Rxe8 Qxe8 33. Qe3 Ne4 34. Bf4 Qf7 35. a4 Qe8 36. a5 bxa5 37. Qxa7 h4 38. gxh4 Qd8 39. Qe7 Qxe7 40. Nxe7 Nc5 41. Nc6 Nxb3 42. Bc7 a4 43. Bd6 Nd2 44. c5 a3 45. Nb4 Nc4 46. Na2 Na5 47. Kg2 Nc6 48. Kf3 Bb2 49. Ke3 Kh6 50. Bf4+ Kh5 51. Kd3 Kxh4 52. Kc4 g5 53. Bd6 f4 54. Kd5 Na7 55. Bb8 Nb5 56. c6 f3 0-1


[Site "https://www.chess.com"]

[Event "Titled Tuesday Blitz June 6 Late 2023"]
[White "Krishnakumar, Sriram"]
[Black "Rodriguez Polo, Mateo"]
[WhiteFideId "30915856"]
[BlackFideId "24509396"]
[WhiteElo "2496"]
[BlackElo "2117"]
[Result "1-0"]
[Round "2"]
[TimeControl "180+2"]
[Date "2023.06.07"]
[WhiteClock "0:00:48"]
[BlackClock "0:00:01"]
[Board "149"]

1. e4 e5 2. Nf3 Nc6 3. d4 exd4 4. Nxd4 Nf6 5. Nxc6 bxc6 6. e5 Qe7 7. Qe2 Nd5 8. h4 d6 9. exd6 Qxe2+ 10. Bxe2 cxd6 11. O-O Be6 12. c4 Nb6 13. b3 d5 14. cxd5 Nxd5 15. Bb2 O-O-O 16. Nc3 Kb7 17. Rfd1 Be7 18. g3 Bf6 19. Rac1 Rhe8 20. Bf3 Nb4 21. Na4 Bxb2 22. Nxb2 Bd5 23. Bxd5 cxd5 24. a3 Re2 25. Na4 Na2 26. Rc5 d4 27. Rc4 d3 28. Nc5+ Kb6 29. Rxd3 Re1+ 30. Kg2 Rxd3 31. Nxd3 Rd1 32. Ne5 f6 33. Nf3 Rb1 34. b4 Rb3 35. Nd4 Rxa3 36. Rc6+ Kb7 37. Re6 Rd3 38. Re7+ Kb6 39. Nc2 Rd2 40. Ne3 Nxb4 41. Rxg7 Kb5 42. Rxh7 a5 43. Rh5+ Ka4 44. Rxa5+ Kxa5 45. Nc4+ Kb5 46. Nxd2 Kc6 47. Ne4 1-0


[Site "https://www.chess.com"]

[Event "Titled Tuesday Blitz June 6 Late 2023"]
[White "Simonovic, Miroslav"]
[Black "Koc, Przemyslaw"]
[WhiteFideId "919152"]
[BlackFideId "1109081"]
[WhiteElo "2075"]
[BlackElo "2161"]
[Result "1-0"]
[Round "2"]
[TimeControl "180+2"]
[Date "2023.06.07"]
[WhiteClock "0:00:06"]
[BlackClock "0:01:03"]
[Board "150"]

1. d4 d6 2. Bg5 h6 3. Bh4 g5 4. Bg3 Bg7 5. e3 f5 6. Qh5+ Kf8 7. Qd1 Nf6 8. Bd3 Nc6 9. c4 e5 10. d5 Ne7 11. f3 Kf7 12. Nc3 Rf8 13. Qc2 c6 14. dxc6 bxc6 15. O-O-O Qa5 16. Kb1 Rb8 17. h4 g4 18. fxg4 Nxg4 19. e4 Ne3 20. Qc1 Nxd1 21. Nxd1 f4 22. Bf2 Be6 23. Nf3 Kg8 24. Nd2 d5 25. Nb3 Qc7 26. cxd5 Bd7 27. Bc5 Be8 28. d6 Qd7 29. Bc4+ Nd5 30. exd5 cxd5 31. Bxd5+ Kh8 32. Nc3 Bg6+ 33. Be4 Bf7 34. Qd1 Rfc8 35. Ba3 a5 36. Bc2 Rxc3 37. bxc3 a4 38. Qd3 Bg8 39. Re1 axb3 40. axb3 Ra8 41. Bb2 Ra6 42. Qxa6 Qg4 43. Qd3 Qd7 44. c4 Bf6 45. Bxe5 Bxe5 46. Rxe5 f3 47. Re7 fxg2 48. Qd4# 1-0


[Site "https://www.chess.com"]

[Event "Titled Tuesday Blitz June 6 Late 2023"]
[White "Swicarz, Maciej"]
[Black "Dubreuil, Julien"]
[WhiteFideId "1113585"]
[BlackFideId "621285"]
[WhiteElo "2181"]
[BlackElo "2268"]
[Result "1-0"]
[Round "2"]
[TimeControl "180+2"]
[Date "2023.06.07"]
[WhiteClock "0:00:20"]
[BlackClock "0:00:15"]
[Board "151"]

1. c4 Nf6 2. Nc3 c5 3. Nf3 Nc6 4. g3 d5 5. cxd5 Nxd5 6. Bg2 Nc7 7. O-O e5 8. d3 Be7 9. Nd2 Bd7 10. a4 O-O 11. Nc4 f6 12. Qb3 Kh8 13. Be3 Rb8 14. a5 Nd4 15. Bxd4 cxd4 16. Ne4 Be6 17. Rfc1 Na6 18. Qd1 Nb4 19. Qd2 Nd5 20. Ra4 Bd7 21. Raa1 Be6 22. h4 Bb4 23. Qd1 Qe7 24. Kh2 Rfc8 25. Bh3 Bxh3 26. Kxh3 f5 27. Ng5 h6 28. Nxe5 Kg8 29. Ngf3 f4 30. Qb3 Qe6+ 31. g4 Kh7 32. Rc4 Bd6 33. Rxd4 Rc5 34. Re4 h5 35. Nd4 hxg4+ 36. Nxg4 Qd7 37. Rg1 Nf6 38. Qe6 Qxe6 39. Rxe6 Nxg4 40. Rxg4 Rd5 41. Nf5 Bf8 42. Rg5 Rbd8 43. b4 g6 44. Ne7 Rxg5 45. hxg5 Re8 46. Rxg6 Bxe7 47. Re6 Kg7 48. Kg4 Kf7 49. Re4 Rf8 50. Rxf4+ Ke8 51. Rxf8+ Kxf8 52. b5 Bb4 53. a6 b6 54. f4 Bd2 55. e4 Kf7 56. d4 Bc3 57. d5 Bd4 58. Kf5 Ke7 59. e5 1-0


[Site "https://www.chess.com"]

[Event "Titled Tuesday Blitz June 6 Late 2023"]
[White "mohsengabr2002"]
[Black "Camilla_Lee"]
[WhiteElo "2254"]
[BlackElo "2492"]
[Result "1/2-1/2"]
[Round "2"]
[TimeControl "180+2"]
[Date "2023.06.07"]
[WhiteClock "0:01:21"]
[BlackClock "0:00:05"]
[Board "152"]

1. e4 e5 2. Nc3 Nf6 3. g3 Nc6 4. Bg2 g6 5. Nf3 Bg7 6. O-O O-O 7. d3 d6 8. h3 h6 9. Be3 Be6 10. d4 exd4 11. Nxd4 Ne5 12. Nxe6 fxe6 13. Qe2 a6 14. f4 Ned7 15. e5 dxe5 16. fxe5 Nxe5 17. Bc5 Re8 18. Qxe5 Nd7 19. Qe3 Nxc5 20. Rad1 Qg5 21. Qxg5 hxg5 22. Ne4 Nxe4 23. Bxe4 Bxb2 24. Bxb7 Ra7 25. Be4 c5 26. Bxg6 Rb8 27. Rd6 Bd4+ 28. Kg2 e5 29. Bd3 Rf8 30. Rxf8+ Kxf8 31. Bxa6 Rf7 32. Bd3 Rf2+ 33. Kh1 c4 34. Bxc4 Rxc2 35. Bb3 Rd2 36. Re6 Re2 37. Rf6+ Ke7 38. Rf5 e4 39. Rxg5 e3 40. Rg6 Kd7 41. Re6 Rb2 42. Re4 Bc5 43. Bc4 Kd6 44. h4 Rc2 45. h5 Rb2 46. h6 Rb7 47. g4 Kc6 48. g5 Rb1+ 49. Kg2 Rb2+ 50. Kh3 Bd6 51. Kg4 Rg2+ 52. Kf5 Rf2+ 53. Kg6 Rg2 54. Rxe3 Bf4 55. Re6+ Kc5 56. h7 Rxg5+ 57. Kf7 Rh5 58. Kg7 Kxc4 59. h8=Q Rxh8 60. Kxh8 Kb5 61. Kg7 Bd2 62. Kg6 Kb4 63. Kf5 Ka3 64. Ra6+ Kb4 65. Ke4 Be1 66. Ra8 Kb5 67. Kd3 Kb6 68. Kc2 Kb7 69. Re8 Bg3 70. Re4 Ka6 71. Kb3 Kb6 72. a4 Ka6 73. Re6+ Ka5 74. Rg6 Be1 75. Rg5+ Ka6 76. Kc4 Kb6 77. Rb5+ Ka6 78. Rb1 Bd2 79. Rb2 Be1 80. Re2 Bg3 81. Re6+ Ka5 82. Rg6 Bf2 83. Kb3 Be1 84. Rg4 Bd2 85. Re4 Ka6 86. Re5 Bf4 87. Rb5 Bd2 88. Kc4 Be1 89. Kd5 Bd2 90. Kc6 Be1 91. Re5 Bd2 92. Rd5 Be1 93. Kc5 Ka5 94. Kc4+ Ka6 95. Re5 Bd2 96. Re6+ Ka5 97. Rd6 Be1 98. Rd8 Ka6 99. Re8 Bd2 100. Ra8+ Kb6 101. Rg8 Be1 102. Rg5 Ka6 103. Re5 Bd2 104. Rd5 Be1 105. Rd6+ Ka5 106. Rd8 Bf2 107. Ra8+ Kb6 108. Kb4 Be1+ 109. Ka3 Bd2 110. Kb3 Be1 111. Re8 Bd2 112. Rd8 Be1 113. Rd3 Ka6 114. Rd1 Bf2 115. Kc4 Ka5 116. Rd5+ Ka6 117. Rb5 Be1 1/2-1/2


[Site "https://www.chess.com"]

[Event "Titled Tuesday Blitz June 6 Late 2023"]
[White "Bruedigam, Martin"]
[Black "Harish, Neeraj"]
[WhiteFideId "24608033"]
[BlackFideId "30958130"]
[WhiteElo "2331"]
[BlackElo "1879"]
[Result "0-1"]
[Round "2"]
[TimeControl "180+2"]
[Date "2023.06.07"]
[WhiteClock "0:00:30"]
[BlackClock "0:00:21"]
[Board "153"]

1. d4 d5 2. c4 e6 3. Nc3 Nf6 4. cxd5 exd5 5. Bg5 Be7 6. e3 h6 7. Bh4 O-O 8. Bd3 c6 9. h3 Ne8 10. Bg3 Nd6 11. Qc2 Re8 12. Nge2 Bf8 13. O-O a5 14. Rae1 Na6 15. a3 Bd7 16. e4 dxe4 17. Nxe4 Nxe4 18. Bxe4 Nc7 19. Nc3 Be6 20. Rd1 Nd5 21. Na4 Bd6 22. Bxd6 Qxd6 23. Nc5 b6 24. Na4 b5 25. Nc5 Nb6 26. Nb7 Qc7 27. Qxc6 Rec8 28. Qxc7 Rxc7 29. Nd6 b4 30. Bxa8 Nxa8 31. axb4 axb4 32. Rc1 Ra7 33. Rc6 Ra2 34. Rfc1 Rxb2 35. Ra6 b3 36. Rxa8+ Kh7 37. Rb8 Rc2 38. Rxc2 bxc2 39. Ne4 c1=Q+ 0-1


[Site "https://www.chess.com"]

[Event "Titled Tuesday Blitz June 6 Late 2023"]
[White "Narva, Triin"]
[Black "Baches Garcia, Guillermo"]
[WhiteFideId "4502680"]
[BlackFideId "2209764"]
[WhiteElo "1976"]
[BlackElo "2491"]
[Result "0-1"]
[Round "2"]
[TimeControl "180+2"]
[Date "2023.06.07"]
[WhiteClock "0:00:01"]
[BlackClock "0:00:46"]
[Board "154"]

1. e4 d5 2. exd5 Qxd5 3. Nc3 Qa5 4. Bc4 Nf6 5. d3 e6 6. Nf3 a6 7. O-O b5 8. Bb3 Bb7 9. Qe2 Be7 10. Ng5 Qb6 11. Re1 O-O 12. Nxf7 Rxf7 13. Bxe6 Qd6 14. Bxf7+ Kxf7 15. Ne4 Nxe4 16. dxe4 Nc6 17. e5 Qe6 18. c3 Rf8 19. Bf4 Kg8 20. Bg3 Bc5 21. Rad1 Ne7 22. Kh1 Nf5 23. Qd3 Qc6 24. Rg1 Nxg3+ 25. Qxg3 Bxf2 26. Qg4 Bxg1 27. Rxg1 Qe4 28. Qg5 h6 29. Qe7 Qxg2+ 30. Rxg2 Rf1# 0-1


[Site "https://www.chess.com"]

[Event "Titled Tuesday Blitz June 6 Late 2023"]
[White "Eggleston, Thomas A"]
[Black "Della Morte, German"]
[WhiteFideId "412139"]
[BlackFideId "113522"]
[WhiteElo "2155"]
[BlackElo "2306"]
[Result "0-1"]
[Round "2"]
[TimeControl "180+2"]
[Date "2023.06.07"]
[WhiteClock "0:01:16"]
[BlackClock "0:02:16"]
[Board "155"]

1. e4 c6 2. Nc3 d5 3. Nf3 dxe4 4. Nxe4 Nf6 5. Nxf6+ exf6 6. d4 Bd6 7. Bc4 O-O 8. O-O Bg4 9. h3 Bh5 10. Re1 Nd7 11. Bb3 Bc7 12. c4 Re8 13. Be3 Nf8 14. g4 Bg6 15. c5 Ne6 16. Qd2 Be4 17. Nh4 Bd5 18. Bc2 g6 19. Rad1 f5 20. gxf5 Qxh4 21. fxe6 Qxh3 22. exf7+ Kxf7 23. f3 Bxf3 24. Bb3+ Kg7 25. Bf4 Qh1+ 26. Kf2 Qg2# 0-1


[Site "https://www.chess.com"]

[Event "Titled Tuesday Blitz June 6 Late 2023"]
[White "Brown, Raehanna"]
[Black "Urbina Perez, Juan Antonio"]
[WhiteFideId "7402740"]
[BlackFideId "2217368"]
[WhiteElo "1655"]
[BlackElo "2197"]
[Result "1/2-1/2"]
[Round "2"]
[TimeControl "180+2"]
[Date "2023.06.07"]
[WhiteClock "0:00:14"]
[BlackClock "0:00:08"]
[Board "156"]

1. c4 c6 2. e4 d5 3. cxd5 cxd5 4. exd5 Nf6 5. Nc3 g6 6. Nf3 Bg7 7. Bc4 a6 8. O-O O-O 9. a3 b5 10. Ba2 Bb7 11. d4 Nxd5 12. Qd3 e6 13. Bg5 Qd6 14. Ne4 Qb6 15. Nc5 Re8 16. b4 Nc6 17. Bxd5 exd5 18. Rae1 h6 19. Bf4 Ne7 20. Be5 Nf5 21. Bxg7 Kxg7 22. Ne5 Bc6 23. g4 Nd6 24. Qf3 Ra7 25. h4 Rae7 26. g5 Nf5 27. Qf4 hxg5 28. hxg5 Qc7 29. Kg2 Bb7 30. Rh1 Rh8 31. Rxh8 Kxh8 32. Rh1+ Kg8 33. Qg4 Rxe5 34. dxe5 Qxe5 35. Qh3 d4+ 36. Kf1 Kf8 37. Qh8+ Qxh8 38. Rxh8+ Ke7 39. Nxb7 d3 40. Nc5 d2 41. Ke2 Nd6 42. Kxd2 Nc4+ 43. Kc3 Nxa3 44. Nxa6 Nc4 45. Nc7 Nd6 46. Rb8 Ne4+ 47. Kd4 Nxf2 48. Nxb5 Nh3 49. Rb7+ Ke6 50. Nc7+ Kd7 51. Nd5+ Kc6 52. Rc7+ Kd6 53. Rc5 Nxg5 54. Nf6 Ne6+ 55. Kc4 Nxc5 56. bxc5+ Kc6 57. Kd4 g5 58. Kc4 Kc7 59. Kd5 Kc8 60. Kc6 g4 61. Nxg4 f5 62. Nf2 f4 63. Kd6 f3 64. Kc6 Kb8 65. Kd7 Kb7 66. c6+ Kb6 67. c7 Kc5 68. c8=Q+ Kd4 69. Qf8 Ke3 70. Qxf3+ Kxf3 1/2-1/2


[Site "https://www.chess.com"]

[Event "Titled Tuesday Blitz June 6 Late 2023"]
[White "Ljukin, Sergei"]
[Black "Boder, Jan"]
[WhiteFideId "14102200"]
[BlackFideId "16243226"]
[WhiteElo "2312"]
[BlackElo "2241"]
[Result "0-1"]
[Round "2"]
[TimeControl "180+2"]
[Date "2023.06.07"]
[WhiteClock "0:00:17"]
[BlackClock "0:01:35"]
[Board "157"]

1. e4 c5 2. Nf3 g6 3. c4 Nc6 4. d4 cxd4 5. Nxd4 Nf6 6. Nc3 d6 7. Be2 Nxd4 8. Qxd4 Bg7 9. Be3 O-O 10. Qd2 Be6 11. f3 Qa5 12. Rc1 Rfc8 13. b3 a6 14. Nd5 Qxd2+ 15. Kxd2 Nxd5 16. cxd5 Bd7 17. Bb6 f5 18. Be3 Kf7 19. exf5 Bxf5 20. g4 Bd7 21. f4 Bb2 22. Rc2 Rxc2+ 23. Kxc2 Bf6 24. Kd2 Rc8 25. Rc1 Rxc1 26. Kxc1 e6 27. Bf3 e5 28. Kd2 exf4 29. Bxf4 Be5 30. Bxe5 dxe5 31. g5 b6 32. Be4 Ke7 33. h4 Kd6 34. h5 Be8 35. Ke3 Bf7 36. Bxg6 hxg6 37. h6 Bg8 0-1


[Site "https://www.chess.com"]

[Event "Titled Tuesday Blitz June 6 Late 2023"]
[White "Ismayil, Malak"]
[Black "Sailer, Mike"]
[WhiteFideId "13412604"]
[BlackFideId "2012901"]
[WhiteElo "1868"]
[BlackElo "2109"]
[Result "1-0"]
[Round "2"]
[TimeControl "180+2"]
[Date "2023.06.07"]
[WhiteClock "0:00:10"]
[BlackClock "0:00:03"]
[Board "158"]

1. e4 d5 2. exd5 Qxd5 3. Nc3 Qd6 4. Nf3 Nf6 5. Bc4 c6 6. O-O Bg4 7. h3 Bh5 8. Be2 e6 9. d3 Be7 10. Be3 O-O 11. Nd2 Bxe2 12. Qxe2 Nbd7 13. Nde4 Qc7 14. Nd2 Nb6 15. Bd4 Nbd5 16. Be5 Bd6 17. Bxd6 Qxd6 18. Nce4 Qf4 19. g3 Qh6 20. Kg2 Rad8 21. Rad1 Nb4 22. Nb3 Nxe4 23. dxe4 Nxa2 24. c3 e5 25. Ra1 Qe6 26. Nc5 Qe7 27. Nb3 Qe6 28. Qc2 Nxc3 29. Qxc3 a6 30. Nc5 Qe7 31. Rfd1 h5 32. Qb4 h4 33. Nd3 Qc7 34. Qc3 hxg3 35. fxg3 f6 36. Nc5 Rxd1 37. Rxd1 Qe7 38. Rd7 Qe8 39. Rxb7 Qh5 40. Qf3 Qg5 41. h4 Qd2+ 42. Kh3 Qd6 43. Qg4 Rf7 44. Ne6 Rxb7 45. h5 Re7 46. Nxg7 Rxg7 47. Qc8+ Kh7 48. h6 Kxh6 49. Qf5 Rg6 50. Qf3 Kg7 51. Qf5 Qe6 52. Qxe6 1-0


[Site "https://www.chess.com"]

[Event "Titled Tuesday Blitz June 6 Late 2023"]
[White "Vila Dupla, Aurelio"]
[Black "Pasti, Aron"]
[WhiteFideId "2203383"]
[BlackFideId "785857"]
[WhiteElo "2009"]
[BlackElo "2173"]
[Result "0-1"]
[Round "2"]
[TimeControl "180+2"]
[Date "2023.06.07"]
[WhiteClock "0:00:31"]
[BlackClock "0:00:25"]
[Board "159"]

1. Nf3 d5 2. d4 Nf6 3. c4 e6 4. cxd5 exd5 5. Nc3 Be7 6. Qc2 O-O 7. Bg5 Nbd7 8. e3 c6 9. Bd3 Re8 10. h3 Nf8 11. O-O-O b5 12. Kb1 a5 13. Ne2 Ne4 14. Bxe7 Qxe7 15. Bxe4 dxe4 16. Nd2 Bb7 17. Nb3 Nd7 18. Rc1 c5 19. Nxc5 Rac8 20. Qd2 Nxc5 21. Rxc5 Rxc5 22. dxc5 Qxc5 23. Rc1 Qb6 24. Qd4 Qe6 25. Rc7 Bd5 26. Nc3 Bc4 27. b3 Bd3+ 28. Kb2 h6 29. Qd7 Qxd7 30. Rxd7 Rc8 31. Re7 b4 32. Nxe4 Rc2+ 33. Ka1 Rc1+ 34. Kb2 Rb1# 0-1


[Site "https://www.chess.com"]

[Event "Titled Tuesday Blitz June 6 Late 2023"]
[White "ArchibaldCerveza29"]
[Black "Jaivardhan Raj"]
[BlackFideId "25744437"]
[WhiteElo "2483"]
[BlackElo "1772"]
[Result "1-0"]
[Round "2"]
[TimeControl "180+2"]
[Date "2023.06.07"]
[WhiteClock "0:00:51"]
[BlackClock "0:00:08"]
[Board "160"]

1. e4 c5 2. c3 Nf6 3. e5 Nd5 4. d4 cxd4 5. Nf3 Nc6 6. Bc4 Nb6 7. Bb3 g6 8. cxd4 Bg7 9. Nc3 O-O 10. O-O d6 11. Qe2 Bg4 12. Rd1 Bxf3 13. Qxf3 dxe5 14. dxe5 Qc8 15. e6 fxe6 16. Qe4 Nd8 17. Bg5 Qc5 18. Be3 Qf5 19. Qxf5 gxf5 20. Bxb6 axb6 21. Rd7 Bxc3 22. bxc3 Kf7 23. Rad1 Kf6 24. Rc7 Rb8 25. Rdd7 Nc6 26. Kf1 Rbd8 27. Rxb7 Rxd7 28. Rxd7 Ra8 29. Rb7 Na5 30. Rxb6 Nxb3 31. axb3 Ra1+ 32. Ke2 Ra2+ 33. Kf3 Ke5 34. b4 Kd5 35. Rb7 e5 36. Rxe7 e4+ 37. Kg3 Rc2 38. Rc7 Ke5 39. Rc5+ Kf6 40. b5 Kg5 41. h4+ Kf6 42. c4 h5 43. b6 Rb2 44. Rb5 Rc2 45. b7 Rc3+ 46. Kf4 Rc2 47. Rb6+ Ke7 48. b8=Q Rxf2+ 49. Ke5 Rxg2 50. Re6+ 1-0


[Site "https://www.chess.com"]